 Dungeon Crawl Stone Soup version 0.19-a0-1254-gb9c29c0 (webtiles) character file.

963 Ijustatesigmund the Covert (level 8, -26/50 HPs)
             Began as an Octopode Assassin on Aug 27, 2016.
             Killed from afar by a jackal (44 damage)
             ... with an exploding inner flame
             ... hexed by the player character
             ... on level 5 of the Dungeon.
             The game lasted 00:13:11 (4363 turns).

Ijustatesigmund the Covert (Octopode Assassin)      Turns: 4363, Time: 00:13:11

Health: -26/50     AC:  1    Str: 10    XL:     8   Next: 15%
Magic:  8/8        EV: 16    Int: 13    God:
Gold:   186        SH:  0    Dex: 16    Spells: 0 memorised, 7 levels left

rFire  . . .     SeeInvis .     a - +4 dagger
rCold  . . .     Gourm    .     (no shield)
rNeg   . . .     Faith    .     (helmet restricted)
rPois  .         Spirit   .     h - amulet of rage
rElec  .         Dismiss  .     (no ring)
rCorr  .         Reflect  .     (no ring)
MR     .....     Harm     .     (no ring)
Stlth  ++++++....               (no ring)
                                (no ring)
                                (no ring)
                                (no ring)
                                (no ring)

@: no status effects
A: almost no armour, stealthy swim, amphibious, 8 rings, constrict 8, camouflage
1, gelatinous body 1
a: Evoke Berserk Rage


You were on level 5 of the Dungeon.
You were not hungry.

You visited 1 branch of the dungeon, and saw 5 of its levels.

You collected 235 gold pieces.
You spent 49 gold pieces at shops.

Inventory:

Hand Weapons
 a - a +4 dagger (weapon)
 b - a +0 blowgun
 e - a +3 dagger
 i - a +3 short sword of draining
Missiles
 c - 7 poisoned needles
 v - a curare-tipped needle
Armour
 l - a +1 shield
Jewellery
 h - an amulet of rage (around mantle)
Scrolls
 o - 2 scrolls of enchant armour
 p - 3 scrolls of amnesia
 q - a scroll of immolation
 r - a scroll of recharging
 t - a scroll of remove curse
 u - a scroll of teleportation {unknown}
Potions
 g - a potion of degeneration {unknown}
 j - a potion of lignification {unknown}
 k - a potion of mutation {unknown}
 m - a potion of agility {unknown}
 s - a potion of flight {unknown}
 w - a potion of curing
Comestibles
 d - 2 slices of pizza
 f - 3 bread rations
 n - a meat ration


   Skills:
 - Level 2.0 Fighting
 + Level 5.7 Short Blades
 - Level 2.0 Throwing
 + Level 4.6 Dodging
 + Level 9.5 Stealth


You had 7 spell levels left.
You didn't know any spells.

Dungeon Overview and Level Annotations

Branches:
Dungeon (5/15)
 Temple: D:4-7

Altars:

Shops:
D:5 *


Innate Abilities, Weirdness & Mutations

You cannot wear most types of armour.
You are very stealthy in the water.
You are amphibious.
You can wear up to eight rings at the same time.
You can use your tentacles to constrict eight enemies at once.
Your skin changes colour to match your surroundings (Stealth+).
Your rubbery body absorbs attacks. (AC +1, EV +1)


Message History

The jackal misses you.
You barely miss the hound. You squeeze the hound.
The hound is severely wounded.
You constrict the hound. The hound closely misses you. The jackal bites you.
The jackal completely misses you. The hound barely misses you.
Okay, then.
As you read the scroll labeled VAUCRISEMO, it crumbles to dust.
The creatures around you are filled with an inner flame!
It was a scroll of immolation.
You constrict the hound. The jackal barely misses you. The jackal bites you.
The hound completely misses you. The jackal barely misses you.
You hit the hound but do no damage. You squeeze the hound.
The hound explodes!
The fiery explosion engulfs you!
The fiery explosion engulfs the jackal.
The jackal explodes!
The fiery explosion engulfs the jackal.
The jackal explodes!
The fiery explosion engulfs you!
Ouch! That really hurt!
You die...

#### ############## ...#
#............. ...#
#....$....!... ...#
#............. ...#
#............. ...#
#...§§§YY..... ...#
#..?§§§§...... ..##
######@###### ####
#............. ...#
#.............
..#########.............
..##......#.............
..........#.............
..........'.......###+##
..##.....∩#.......#.......#
..##......#########.......#


You could see 2 ice beasts.

Vanquished Creatures
  Grinder (D:5)
  Sigmund (D:5)
  Edmund (D:5)
  A scorpion (D:3)
  2 crimson imps (D:5)
  An orc wizard (D:3)
  A centaur skeleton (D:4)
  Terence (D:2)
  2 worker ants (D:4)
  Ijyb (D:3)
  Robin (D:3)
  5 adders
  2 shadow imps (D:5)
  5 oozes
  An adder skeleton (D:5)
  4 worms
  4 dart slugs
  2 giant geckos (D:2)
  8 orcs
  3 ball pythons
  6 giant cockroaches
  15 goblins
  8 hobgoblins
  12 jackals
  12 bats
  7 giant newts
  8 kobolds
  14 rats
129 creatures vanquished.

Notes
Turn   | Place    | Note
-------+----------+-------------------------------------------
     0 | D:1      | Ijustatesigmund the Octopode Assassin began the quest for the Orb.
     0 | D:1      | Reached XP level 1. HP: 14/14 MP: 1/1
    41 | D:1      | Reached XP level 2. HP: 13/19 MP: 2/2
   448 | D:1      | Reached skill level 6 in Stealth
   506 | D:1      | Reached XP level 3. HP: 24/24 MP: 3/3
  1229 | D:2      | Reached XP level 4. HP: 29/29 MP: 4/4
  1454 | D:2      | Noticed Terence
  1487 | D:2      | Killed Terence
  1487 | D:2      | Reached skill level 7 in Stealth
  1487 | D:2      | Reached XP level 5. HP: 22/34 MP: 5/5
  1949 | D:3      | Noticed Robin
  2136 | D:3      | Killed Robin
  2782 | D:3      | Reached XP level 6. HP: 39/39 MP: 6/6
  2839 | D:3      | Noticed Ijyb
  2844 | D:3      | Killed Ijyb
  3189 | D:4      | Noticed a phantom
  3461 | D:4      | Reached skill level 8 in Stealth
  3708 | D:4      | You fall through a shaft!
  3708 | D:5      | Entered Level 5 of the Dungeon
  3711 | D:5      | Noticed Edmund
  3718 | D:5      | Reached XP level 7. HP: 36/45 MP: 7/7
  3734 | D:5      | Killed Edmund
  3734 | D:5      | Reached skill level 5 in Short Blades
  3947 | D:5      | Found Coxkaock's Assorted Antiques.
  3956 | D:5      | Bought an amethyst potion for 23 gold pieces
  3956 | D:5      | Bought a scroll labeled YKYICK UNACO for 26 gold pieces
  3959 | D:5      | Noticed Sigmund
  3969 | D:5      | Noticed Grinder
  3973 | D:5      | Killed Sigmund
  3973 | D:5      | Reached skill level 9 in Stealth
  4140 | D:5      | Killed Grinder
  4140 | D:5      | Reached XP level 8. HP: 42/50 MP: 8/8
  4363 | D:5      | Killed from afar by a jackal

Vault maps used:
D:1:      minmay_arrival_split_and_join
D:2:      minmay_hedge_maze, uniq_terence
D:3:      first_bread, uniq_robin, uniq_iyjb
D:5:      kennysheep_mini_moat, serial_shops, shop, uniq_sigmund, uniq_edmund,
          uniq_grinder

Skill      XL: |  1  2  3  4  5  6  7 |
---------------+----------------------+-----
Stealth        | 6 7 8 9 |  9.5
Short Blades   | 3 4 5 |  5.7
Dodging        | 2 3 4 |  4.6
Fighting       | |  2.0
Throwing       | |  2.0

Action                   |  1- 3 |  4- 6 |  7- 9 || total
-------------------------+-------+-------+-------++-------
Melee: Dagger            |    77 |   151 |    23 ||   251
       Constrict         |    19 |    34 |    10 ||    63
       Tentacles         |    12 |    20 |    12 ||    44
       Short sword       |       |     1 |    16 ||    17
 Fire: Blowgun           |       |    10 |     6 ||    16
 Abil: Evoke Berserk Rag |       |       |     1 ||     1
  Use: Scroll            |     1 |     7 |     3 ||    11
       Potion            |       |     1 |     5 ||     6
 Stab: Sleeping          |    15 |    23 |     1 ||    39
       Distracted        |     1 |     1 |       ||     2
  Eat: Chunk             |     1 |     8 |     1 ||    10
       Bread ration      |       |       |     1 ||     1
Armor: Skin              |     3 |     4 |       ||     7
Dodge: Dodged            |    35 |    77 |    38 ||   150
